 Dungeon Crawl Stone Soup version 0.24-a0-307-gf989941 (webtiles) character file.

Game seed: 9380421461079069929

451 mhoghedin the Changer (level 6, 25/25 HPs)
             Began as a Felid Transmuter on May 13, 2019.
             Was a Believer of Sif Muna.
             Quit the game on level 5 of the Dungeon.
             The game lasted 00:14:24 (5521 turns).

mhoghedin the Changer (Felid Transmuter)            Turns: 5521, Time: 00:14:24

Health: 25/25      AC:  2    Str:  7    XL:     6   Next: 75%
Magic:  14/14      EV: 18    Int: 16    God:    Sif Muna [**....]
Gold:   203        SH:  0    Dex: 16    Spells: 0/15 levels left
                                        Lives:  0   Deaths: 2

rFire    . . .     SeeInvis +     - Unarmed
rCold    . . .     Gourm    .   (shield unavailable)
rNeg     . . .     Faith    .   (armour unavailable)
rPois    .         Spirit   .   (helmet unavailable)
rElec    .         Reflect  .   (cloak unavailable)
rCorr    .         Harm     .   (gloves unavailable)
MR       .....                  (boots unavailable)
Stlth    ++........             (no amulet)
HPRegen  0.08/turn              (no ring)
MPRegen  0.14/turn              (no ring)

@: quick
A: very small, no armour, no weapons or thrown items, stealth, claws 1, fangs 3,
see invisible, carnivore, speed 1, shaggy fur 2, slow metabolism 1, sharp paws
a: Divine Energy, Renounce Religion


You were on level 5 of the Dungeon.
You worshipped Sif Muna.
Sif Muna was pleased with you.
You were not hungry.

You visited 1 branch of the dungeon, and saw 5 of its levels.

You collected 203 gold pieces.

Inventory:

Missiles
 a - 95 arrows
Wands
 m - a wand of iceblast (2)
   (You found it on level 2 of the Dungeon)
 p - a wand of random effects (9)
   (You found it on level 4 of the Dungeon)
Scrolls
 e - a scroll of teleportation
 g - 2 scrolls of remove curse
 h - 2 scrolls of magic mapping {!r}
 j - 3 scrolls of amnesia
 k - a scroll of random uselessness
Potions
 d - 3 potions of haste
 f - a potion of brilliance
 i - a potion of curing
 n - 2 potions of heal wounds
Comestibles
 c - 6 rations


   Skills:
 + Level 1.0 Fighting
 + Level 2.7 Dodging
 + Level 4.5 Unarmed Combat
 - Level 5.0 Spellcasting
 - Level 6.9 Transmutations
 - Level 2.7 Ice Magic
 - Level 1.8 Poison Magic


You couldn't memorise any spells.
You knew the following spells:

 Your Spells              Type           Power        Failure   Level  Hunger
a - Beastly Appendage     Tmut           ####..       1%          1    None
b - Ice Form              Ice/Tmut       ###.....     21%         4    ####...
c - Spider Form           Tmut/Pois      ###.......   8%          3    ###....
s - Sticks to Snakes      Tmut           ####....     1%          2    #......
x - Blade Hands           Tmut           ####......   24%         5    ######.

Your spell library contained the following spells:

 Spells                   Type           Power        Failure   Level  Hunger


Dungeon Overview and Level Annotations

Branches:
Dungeon (5/15)
 Temple: D:4-7

Altars:
Sif Muna
Wu Jian

Annotations:
D:4 2 transporters, galech's ghost, novice DsFi


Innate Abilities, Weirdness & Mutations

You cannot wear armour.
You are incapable of wielding weapons or throwing items.
Your paws allow you to move quietly. (Stealth)
You have sharp claws.
You have razor-sharp teeth.
You have supernaturally acute eyesight. (SInv)
You are carnivorous and can eat meat at any time.
You cover ground quickly.
You are covered in thick fur. (AC +2)
You have a slow metabolism.
Your sharp claws are effective at attacking unaware monsters.


Message History

There is a stone staircase leading down here.
You climb downwards.
A dart slug comes into view.
Found 7 gold pieces.
Found a stone staircase leading down.
There is a stone staircase leading up here.
Casting: Sticks to Snakes (safe; 1% risk of failure)
You turn into a venomous arachnid creature.
You now have 12/15 mp.
The dart slug bites you.
You take 2 damage, and have 26/28 hp.
You hit the dart slug.
The dart slug is poisoned.
The dart slug misses you.
You hit the dart slug.
The dart slug looks as sick as possible!
You kill the dart slug!
Sif Muna accepts your kill.
No target in view!
As you read the scroll of identify, it crumbles to dust.
j - 3 scrolls of amnesia
As you read the scroll of identify, it crumbles to dust.
e - a scroll of teleportation
As you read the scroll of identify, it crumbles to dust.
g - 2 scrolls of remove curse
As you read the scroll of identify, it crumbles to dust.
k - a scroll of random uselessness
As you read the scroll of identify, it crumbles to dust.
n - 2 potions of heal wounds
As you read the scroll labeled YGGIMI USHROTE, it crumbles to dust.
The scroll dissolves into smoke.
It was a scroll of fog.
You now have 203 gold pieces (gained 7).
A black bear comes into view.
A black bear is nearby!
The black bear growls angrily.
You hit the black bear.
The black bear is poisoned.
The black bear bites you! The black bear misses you. x2
You take 8 damage, and have 19/28 hp.
MASSIVE DAMAGE!!
You create 2 snakes!
You now have 98 arrows.
The black bear barely misses you. The black bear closely misses you.
The black bear completely misses you.
You now have 13/15 mp.
Your ball python bites the black bear.
Your ball python barely misses the black bear.
Your transformation is almost over.
Your ball python barely misses the black bear.
Your ball python grabs the black bear.
Your ball python constricts the black bear.
Your ball python bites the black bear but does no damage.
The black bear barely misses your ball python.
The black bear claws your ball python.
Your ball python dies!
The black bear growls angrily.
Casting: Sticks to Snakes (safe; 6% risk of failure)
You create a snake!
You now have 97 arrows.
Your ball python barely misses the black bear. x2
You now have 11/15 mp.
Your ball python bites the black bear but does no damage.
Your ball python grabs the black bear.
Your ball python constricts the black bear.
The black bear struggles to escape constriction.
Your ball python bites the black bear.
Your ball python constricts the black bear.
Your ball python bites the black bear but does no damage.
The black bear goes berserk!
Your ball python bites the black bear but does no damage.
Your ball python constricts the black bear.
Casting: Sticks to Snakes (safe; 6% risk of failure)
You create 2 snakes!
You now have 95 arrows.
Your ball python bites the black bear.
The black bear barely misses your ball python.
The black bear claws your ball python.
Your ball python dies!
You now have 9/15 mp.
The black bear barely misses your ball python.
The black bear closely misses your ball python.
The black bear claws your ball python.
Your ball python dies!
Your adder bites the black bear.
The black bear bites your adder.
The black bear completely misses your adder.
The black bear claws your adder!
Your adder bites the black bear.
The black bear closely misses your adder. x2
The black bear claws your adder.
Your adder dies!
Your ball python bites the black bear but does no damage.
Your ball python closely misses the black bear.
The black bear bites your ball python.
Your ball python dies!
The black bear bites you! The black bear claws you.
* * * LOW HITPOINT WARNING * * *
The black bear claws you but does no damage.
You take 12 damage, and have 8/28 hp.
MASSIVE DAMAGE!!
You hit the black bear.
The black bear looks even sicker.
Your transformation has ended.
The black bear bites you!
You die...
The black bear misses you. The black bear completely misses you.
You are now level 6!
You rejoin the land of the living...
Found a stone staircase leading down.
Health restored: 25; MP restored: 14

****,*,,,,,.......###.(##,
***,,*,**,,,,.......,*####,,
**,,,.*,**,,,,..c..##,,**_,,*
**,,,,..,***,,,.....**,,,***,,
****,,,,,...******#...,***,,****,
,,,*,,,,,..>.########*** **,,****
,,,,,,,,.........####### **,,**,
*,**,,,,,..............#****,,,,,
*,**,,,,,.......@.......,,,,,,,,,
*,**,,,,,...............,,,,,,,,,
*,***,,,,#..............*,,,,,,,,
,,,**,,,*##.............****,,,,,
,,,*,,,*##..............# **,,,,,
,,,,,,**#...............#**,,,,,,
,,,,,**##................*,,,,,,,
,,,,** #.................,,**,,,,
,,,,** ##................,****,,,


There were no monsters in sight!

Vanquished Creatures
  Grinder (D:4)
  Edmund (D:4)
  An ice beast (D:5)
  3 centaurs (D:5)
  2 ogres (D:4)
  A scorpion (D:4)
  An orc priest (D:3)
  2 hounds
  A centaur skeleton (D:4)
  2 orc wizards
  A worker ant (D:4)
  A hound skeleton (D:4)
  An adder (D:5)
  3 gnolls (D:3)
  An ooze (D:1)
  2 worms
  2 dart slugs
  6 leopard geckos
  3 orcs (D:3)
  A giant cockroach (D:1)
  5 goblins
  6 hobgoblins
  11 kobolds
  3 quokkas
  A ball python (D:2)
  4 bats
  2 frilled lizards
  A jackal zombie (D:5)
  6 rats
75 creatures vanquished.

Vanquished Creatures (collateral kills)
  2 adders (D:2)
  A dart slug (D:4)
  A leopard gecko (D:2)
  An orc (D:3)
  A bat (D:2)
  A frilled lizard (D:3)
  A kobold (D:2)
8 creatures vanquished.

Grand Total: 83 creatures vanquished

Notes
Turn   | Place    | Note
-------+----------+-------------------------------------------
     0 | D:1      | mhoghedin the Felid Transmuter began the quest for the Orb.
     0 | D:1      | Reached XP level 1. HP: 9/9 MP: 4/4
    48 | D:1      | HP: 2/9 [frilled lizard (1)]
   265 | D:1      | HP: 1/9 [ooze (4)]
   266 | D:1      | Reached skill level 3 in Transmutations
   266 | D:1      | Reached XP level 2. HP: 2/12 MP: 4/6
   272 | D:1      | Learned a level 2 spell: Sticks to Snakes
  1349 | D:2      | Found an ornate altar of the Wu Jian Council.
  1358 | D:2      | Found a deep blue altar of Sif Muna.
  1406 | D:2      | Reached XP level 3. HP: 6/15 MP: 0/7
  2092 | D:2      | Became a worshipper of Sif Muna the Loreminder
  2313 | D:3      | Reached skill level 4 in Unarmed Combat
  2314 | D:3      | Reached XP level 4. HP: 19/19 MP: 8/8
  2321 | D:3      | HP: 3/19 [orc priest/+1 short sword of flaming (2)]
  2322 | D:3      | HP: 1/19 [orc priest/+1 short sword of flaming (1)]
  2323 | D:3      | Reached skill level 4 in Transmutations
  2622 | D:3      | Learned a level 3 spell: Spider Form
  2696 | D:3      | Reached XP level 5. HP: 21/22 MP: 3/9
  3309 | D:4      | Found a transporter.
  3322 | D:4      | Noticed Grinder
  3354 | D:4      | Killed Grinder
  3354 | D:4      | Reached * piety under Sif Muna
  3354 | D:4      | Reached skill level 1 in Poison Magic
  3354 | D:4      | Gained mutation: You are covered in thick fur. (AC +2)
                  | [Felid growth]
  3354 | D:4      | Reached XP level 6. HP: 9/25 MP: 0/11
  3559 | D:4      | Learned a level 4 spell: Ice Form
  3609 | D:4      | Noticed Edmund
  3630 | D:4      | Killed Edmund
  3630 | D:4      | Reached skill level 3 in Spellcasting
  3630 | D:4      | Reached skill level 5 in Transmutations
  3630 | D:4      | Reached skill level 1 in Ice Magic
  3743 | D:4      | You fall through a shaft!
  3743 | D:5      | Entered Level 5 of the Dungeon
  3755 | D:5      | HP: 4/25 [centaur/arrow (8)]
  3761 | D:5      | HP: 1/25 [hound (4)]
  3767 | D:5      | HP: 2/25 [centaur/arrow (12)]
  3774 | D:5      | Slain by a centaur
  3775 | D:5      | Reached XP level 5. HP: -1/33 MP: 11/11
  3780 | D:5      | Noticed a centaur
  3788 | D:5      | Noticed a centaur
  3796 | D:5      | Killed a centaur
  3796 | D:5      | Reached XP level 6. HP: 10/25 MP: 9/12
  3908 | D:5      | Noticed an ice beast
  3914 | D:5      | Reached skill level 2 in Ice Magic
  3921 | D:5      | Killed an ice beast
  3921 | D:5      | Reached skill level 4 in Spellcasting
  3951 | D:4      | Found a transporter.
  3951 | D:4      | Noticed galech's ghost (novice DsFi)
  4143 | D:4      | Reached ** piety under Sif Muna
  4143 | D:4      | Reached XP level 7. HP: 20/28 MP: 12/14
  4149 | D:4      | Reached skill level 6 in Transmutations
  4230 | D:4      | Identified the +6 dire flail of Utroitt {flame, Int+2}
  4925 | D:5      | Reached skill level 5 in Spellcasting
  5151 | D:5      | Learned a level 5 spell: Blade Hands
  5520 | D:5      | Slain by a black bear
  5521 | D:5      | Reached XP level 6. HP: -2/25 MP: 10/14
  5521 | D:5      | Quit the game

Levels and vault maps discovered:
D:1:      tarquinn_simple_flora_water_f, layout_loops_ring, chequers_arboretum,
          minmay_misc_feat_rows, chequers_serial_rivers_micro_d,
          corexii_corridor_pit
D:2:      layout_rooms, grunt_temple_overflow_open
D:3:      layout_basic, grunt_decor_fettered
D:4:      minmay_chambers_of_threes, layout_rooms, first_ration,
          gammafunk_ghost_smash, minmay_misc_feat_square, uniq_edmund,
          uniq_grinder
D:5:      layout_cave_pods, nicolae_overflow_crystal_walls,
          chequers_temple_overflow_minitemple

Skill      XL: |  1  2  3  4  5  6  7 |
---------------+----------------------+-----
Transmutations | 3 4 5 6 |  6.9
Unarmed Combat | 4 |  4.5
Poison Magic   | 1 |  1.8
Spellcasting   | 4 5 |  5.0
Ice Magic      | 2 |  2.7
Fighting       | |  1.0
Dodging        | |  2.7

Action                   |  1- 3 |  4- 6 |  7- 9 || total
-------------------------+-------+-------+-------++-------
Melee: Unarmed           |   122 |    96 |    55 ||   273
       Headbutt          |     7 |     2 |       ||     9
       Bite              |     6 |       |       ||     6
       Punch             |     1 |       |       ||     1
 Cast: Beastly Appendage |    29 |     3 |       ||    32
       Sticks to Snakes  |    11 |     4 |    13 ||    28
       Spider Form       |       |    14 |     9 ||    23
Evoke: Wand              |       |     2 |       ||     2
  Use: Potion            |     4 |     3 |     1 ||     8
       Scroll            |       |     4 |     9 ||    13
 Stab: Sleeping          |     1 |     2 |     1 ||     4
       Distracted        |     1 |       |     1 ||     2
       Invisible         |       |     1 |       ||     1
  Eat: Chunk             |     7 |     6 |     6 ||    19
Armor: Skin              |     9 |    11 |     2 ||    22
Dodge: Dodged            |   108 |   104 |    48 ||   260

Table legend:
 A = Non-vault XP
 B = Vault XP
 C = Vault XP percentage of total XP
 D = Non-vault monster count
 E = Vault monster count
 F = Vault count percentage of total count
                 A         B        C        D         E       F
            +---------+---------+-------+---------+---------+-------
      Total |     963 |     599 |  38.3 |      76 |       7 |   8.4
            +---------+---------+-------+---------+---------+-------
        D:1 |      28 |       0 |   0.0 |      15 |       0 |   0.0
        D:2 |      53 |       0 |   0.0 |      22 |       0 |   0.0
        D:3 |     162 |       0 |   0.0 |      26 |       0 |   0.0
        D:4 |     211 |     599 |  74.0 |       5 |       7 |  58.3
        D:5 |     509 |       0 |   0.0 |       8 |       0 |   0.0
            +---------+---------+-------+---------+---------+-------

Levels and vault maps discovered:
D:1:      tarquinn_simple_flora_water_f, layout_loops_ring, chequers_arboretum,
          minmay_misc_feat_rows, chequers_serial_rivers_micro_d,
          corexii_corridor_pit
D:2:      layout_rooms, grunt_temple_overflow_open
D:3:      layout_basic, grunt_decor_fettered
D:4:      minmay_chambers_of_threes, layout_rooms, first_ration,
          gammafunk_ghost_smash, minmay_misc_feat_square, uniq_edmund,
          uniq_grinder
D:5:      layout_cave_pods, nicolae_overflow_crystal_walls,
          chequers_temple_overflow_minitemple

Table legend:
 A = Turns spent in this place as a percentage of turns spent in the entire game.
 B = Non-inter-level travel turns spent in this place as a percentage of non-inter-level travel turns spent in the entire game.
 C = Inter-level travel turns spent in this place as a percentage of turns spent in this place.
 D = Turns resting spent in this place as a percentage of non-inter-level travel turns spent in this place.
 E = Turns spent auto-exploring this place as a percentage of non-inter-level travel turns spent in this place.
 F = Non-inter-level travel turns spent in this place divided by the number of levels of this place that you've seen.
                   A       B       C       D       E      F
               +-------+-------+-------+-------+-------+----------------------
         Total | 100.0 | 100.0 |   3.6 |  49.9 |  31.4 | 1064.0
       Dungeon | 100.0 | 100.0 |   3.6 |  49.9 |  31.4 | 1064.0
               +-------+-------+-------+-------+-------+----------------------

Table legend:
 A = Kills in this place as a percentage of kills in entire the game.
 B = Kills by you in this place as a percentage of kills by you in the entire game.
 C = Kills by friends in this place as a percentage of kills by friends in the entire game.
 D = Other kills in this place as a percentage of other kills in the entire game.
 E = Experience gained in this place as a percentage of experience gained in the entire game.
 F = Experience gained in this place divided by the number of levels of this place that you have seen.
                   A       B       C       D       E      F
               +-------+-------+-------+-------+-------+----------------------
         Total | 100.0 | 100.0 | 100.0 |   N/A | 100.0 | 312.4
       Dungeon | 100.0 | 100.0 | 100.0 |   N/A | 100.0 | 312.4
               +-------+-------+-------+-------+-------+----------------------
